cohdb
Replays
Latest Replays
All Replays
Popular Replays
Top Player Replays
Match Explorer
How It Works
Community
CoH3 Stats
Reddit
Sign in to upload your games and track your stats! →
Sign in with Steam
Match 38796895
Unlisted
Match 38796895
Overview
Messages
Build Orders
End
Scout Squad
Construct Barracks
Riflemen Squad
Riflemen Squad
Riflemen Squad
Infantry Support Center
M1918 Browning Automatic Rifles
Construct Motor Pool
M1 Anti-tank Gun Team
Advanced Logistics
Riflemen Squad
Grenade Package
Survival Training
Riflemen Squad
Construct Medical Station
Munitions Surplus
Riflemen Squad
Construct Tank Depot
Selects Armored Battlegroup
Selects Veteran Crews
Selects M31 Recovery Vehicle
Selects War Machine
Selects Strength in Steel
Selects Seek and Destroy
Selects UNKNOWN (2160077)
M4A3E8 Sherman Easy Eight
Engineer Squad
M4A3E8 Sherman Easy Eight
Engineer Squad
Riflemen Squad
FooKilla
sharpshooter
实力不足只能当老六了
nayebibit
0
0
Comments
sign in to comment!
No comments posted yet!